 Dungeon Crawl Stone Soup version 0.31-a0-455-g1a7b003ef0 (webtiles) character file.

Game seed: 15442755281509007836

3425 Hubris850 the Mimic (level 9, 0/40 HPs)
             Began as a Felid Shapeshifter on Aug 3, 2023.
             Was a Believer of Makhleb.
             Slain by a warg (13 damage)
             ... on level 9 of the Dungeon.
             The game lasted 00:34:03 (9330 turns).

Hubris850 the Mimic (Felid Shapeshifter)            Turns: 9330, Time: 00:34:04

Health: 0/40       AC:  2    Str: 11 (13) XL:     9   Next: 76%
Magic:  10/10      EV: 23    Int:  8 (9)  God:    Makhleb [**....]
Gold:   471        SH:  0    Dex: 19      Spells: 8/8 levels left
                                        Lives:  0   Deaths: 2

rFire   . .          .
                       - Unarmed
rCold   . . .        (shield unavailable)
rNeg    . . .        (body armour unavailable)
rPois   .            (helmet unavailable)
rElec   .            (cloak unavailable)
rCorr   .            (gloves unavailable)
SInv    +            (boots unavailable)
Will    ++...        (no amulet)
Stlth   +++          J - ring of willpower
HPRegen 0.26/turn    F - +4 ring of slaying
MPRegen 0.12/turn

%: no passive effects
@: maw-form, quick
A: devouring maw, very small, claws 1, fangs 3, see invisible, speed 1, shaggy
fur 2, stealthy paws, no weapons or thrown items, no armour, multi-lived
a: Begin Untransformation, Renounce Religion, Minor Destruction


You were on level 9 of the Dungeon.
You worshipped Makhleb.
Makhleb was pleased with you.
You were a creature with a mouth for a stomach.
You visited 2 branches of the dungeon, and saw 10 of its levels.
You also visited: Sewer and Ossuary.

You collected 471 gold pieces.

Inventory:

Jewellery
 B - a +6 ring of strength
 F - a +4 ring of slaying (right paw)
 J - a ring of willpower (left paw)
Talismans
 b - a beast talisman
 s - a maw talisman (active)
Wands
 p - a wand of charming (15)
 t - a wand of acid (11)
 y - a wand of mindburst (14)
 z - a wand of iceblast (13)
 H - a wand of flame (26)
Scrolls
 a - 3 scrolls of teleportation
 e - 2 scrolls of poison
 g - 5 scrolls of blinking
 h - a scroll of immolation {unknown}
 j - a scroll of fear {unknown}
 l - a scroll of amnesia
 o - 2 scrolls of revelation {unknown}
 q - 2 scrolls of enchant armour {unknown}
 v - 2 scrolls of fog {unknown}
 x - a scroll of enchant weapon {unknown}
 A - 3 scrolls of butterflies
 D - a scroll of torment {unknown}
Potions
 c - a potion of ambrosia
 d - 4 potions of heal wounds
 i - 4 potions of enlightenment
 k - 4 potions of haste
 m - 9 potions of curing
 n - 2 potions of invisibility
 r - 2 potions of attraction
 u - 3 potions of mutation
 w - a potion of cancellation {unknown}
 C - 2 potions of degeneration
 E - a potion of might {unknown}
 G - a potion of brilliance {unknown}
 I - a potion of resistance {unknown}
 K - a potion of lignification


   Skills:
 - Level 5.0 Fighting
 + Level 8.7 Dodging
 - Level 6.0 Stealth
 - Level 8.0 Unarmed Combat
 - Level 1.7 Evocations
 - Level 9.9 Shapeshifting


You had 8 spell levels left.
You didn't know any spells.
Your spell library contained the following spells:

 Spells                   Type           Power      Damage    Failure   Level
 Apportation              Tloc           0%         N/A       41%         1
 Freeze                   Ice            0%         1d3       41%         1
 Magic Dart               Conj           0%         1d3       41%         1
 Necrotise                Necr           0%         1d4       41%         1
 Summon Small Mammal      Summ           0%         N/A       41%         1
 Searing Ray              Conj           0%         2d4       54%         2
 Static Discharge         Conj/Air       0%         2-2/arc   54%         2
 Wereblood                Tmut           0%         N/A       54%         2
 Call Canine Familiar     Summ           0%         N/A       78%         3
 Dazzling Flash           Conj/Hex       0%         N/A       78%         3
 Frozen Ramparts          Ice            0%         1d1       78%         3
 Hailstorm                Conj/Ice       0%         3d3       78%         3
 Summon Guardian Golem    Hex/Summ       0%         N/A       78%         3
 Airstrike                Air            0%         2d(0-16)  99%         4
 Fulminant Prism          Conj/Hex       0%         3d5       99%         4
 Summon Lightning Spire   Summ/Air       0%         N/A       99%         4
 Agony                    Necr           0%         N/A       100%        5
 Irradiate                Conj/Tmut      0%         3d11      100%        5
 Silence                  Hex/Air        0%         N/A       100%        5


Dungeon Overview and Level Annotations

Branches:
Dungeon (9/15)             Temple (1/1) D:6             Orc (0/2) D:9
  Sewer (visited)         Ossuary (visited)
   Lair: D:8-11

Altars:
Ashenzari
Cheibriados
Fedhas
Gozag
Hepliaklqana
Kikubaaqudgha
Makhleb
Nemelex Xobeh
Okawaru
Ru
Sif Muna
Trog
Uskayaw
Vehumet
Wu Jian
Yredelemnul

Shops:
D:4 :   D:9 :

Annotations:
D:7 1 runed translucent door, Crazy Yiuf


Innate Abilities, Weirdness & Mutations

You are a creature with a mouth for a stomach.
Your midsection houses a second, enormous mouth.
You have sharp claws.
You have razor-sharp teeth.
You have supernaturally acute eyesight. (SInv)
You cover ground quickly. (Speed+)
You are covered in thick fur. (AC +2)
Your paws help you pounce on unaware monsters.
You are incapable of wielding weapons or throwing items.
You cannot wear armour.
You gain extra lives every three experience levels.


Message History

The killer bee stings you.
You are poisoned.
The killer bee poisons you! The killer bee barely misses you.
You barely miss the killer bee.
The killer bee is moderately wounded.
You feel sick. The killer bee misses you. x2
You claw the killer bee! Your bite misses the killer bee.
The killer bee is almost dead.
You feel sick. The killer bee completely misses you. The killer bee misses you.
You closely miss the killer bee.
The killer bee is almost dead.
You feel sick. The killer bee stings you. x2
You are more poisoned.
The killer bee poisons you!
You closely miss the killer bee.
The killer bee is almost dead.
You feel sick. The killer bee stings you.
You scratch the killer bee.
You devour the killer bee!
You feel better.
You kill the killer bee!
Makhleb accepts your kill.
You feel sick.
You feel your strength returning.
You feel sick.
Things that are here:
a warg corpse; a killer bee corpse You start resting.
You feel sick. x2
A warg is nearby!
You feel sick.
You start resting.
You feel sick. x4
You are no longer poisoned.
The warg howls!
You hear a shout! x4
A gnoll comes into view. It is wielding a +0 halberd.
A gnoll comes into view. It is wielding a +0 whip.
You claw the warg! You bite the warg, but do no damage. You bite the warg!
The warg is heavily wounded.
The warg closely misses you.
You scratch the warg. Your bite misses the warg.
The warg is heavily wounded.
The warg bites you!
You die...

#..#...##... #..#....y..#
####....8y##o #.#>.y...yyh
##'##....8y## ##.8 .#
#...#.......# #...##'###
#...#...# ..# ....# ##
#...##.##########'# ....#
.###....#..##..)Wh...##....#
..##....#......####...##...#
#..'....##.)..##..##.g.....#
####.....#..........)...h..#
#.?...##...##..##.)).)###
#####'###...####..)##.# #..#
###.......##..# #.##
##########.###### #.#
#............#


You could see a warg and a gnoll.

Vanquished Creatures
  2 two-headed ogres (D:9)
  A hornet (D:7)
  Sigmund (D:3)
  A vampire (D:6)
  A warg (D:9)
  An acid dragon (D:8)
  A water moccasin (D:6)
  4 orc warriors
  2 sky beasts
  An ice beast (D:5)
  2 black bears (D:6)
  An ogre (D:4)
  2 centaurs
  2 phantoms
  7 kobold brigands
  A bullfrog (D:9)
  3 gnoll sergeants
  A scorpion (D:5)
  10 killer bees (D:9)
  4 hounds
  5 orc priests
  2 jellies
  A sleepcap (D:5)
  4 orc wizards
  3 mummies (Ossuary)
  26 gnolls
  9 adders
  3 river rats (Sewer)
  A shadow imp (D:5)
  A white imp (D:5)
  An ufetubus (D:5)
  4 adder zombies (Ossuary)
  A worm (D:5)
  2 dart slugs
  21 orcs
  8 endoplasms
  4 giant cockroaches
  6 goblins
  12 hobgoblins
  15 jackals
  12 ball pythons
  10 bats
  5 frilled lizards
  6 goblin zombies (Ossuary)
  A hobgoblin zombie (Ossuary)
  27 kobolds
  3 kobold zombies (Ossuary)
  An orc zombie (Ossuary)
  8 rats
  3 rat zombies (Ossuary)
253 creatures vanquished.

Vanquished Creatures (others)
  A human (D:6)
1 creature vanquished.

Grand Total: 254 creatures vanquished

Notes
Turn   | Place    | Note
-------+----------+-------------------------------------------
     0 | D:1      | Hubris850 the Felid Shapeshifter began the quest for the
                  | Orb.
     0 | D:1      | Reached XP level 1. HP: 9/9 MP: 2/2
   138 | D:1      | Found a faded altar of an unknown god.
   187 | D:1      | Reached XP level 2. HP: 12/12 MP: 3/3
   960 | D:2      | Reached XP level 3. HP: 14/15 MP: 4/4
  1037 | D:2      | Found an ornate altar of the Wu Jian Council.
  1999 | D:3      | Reached XP level 4. HP: 15/19 MP: 5/5
  2251 | D:4      | Noticed an ogre
  2265 | D:4      | Killed an ogre
  2266 | D:4      | Reached skill level 4 in Shapeshifting
  2266 | D:4      | Reached XP level 5. HP: 17/22 MP: 6/6
  2360 | D:4      | Noticed a phantom
  2371 | D:4      | Noticed Sigmund
  2392 | D:3      | Killed Sigmund
  2393 | D:3      | Reached skill level 5 in Unarmed Combat
  2393 | D:3      | Gained mutation: You are covered in thick fur. (AC +2)
                  | [Felid growth]
  2393 | D:3      | Reached XP level 6. HP: 13/25 MP: 7/7
  2544 | D:3      | Reached skill level 1 in Stealth
  2792 | D:4      | Found an opulent altar of Gozag.
  2905 | D:4      | Found Touss's Vocational Training.
  3171 | D:5      | Entered Level 5 of the Dungeon
  3173 | D:5      | Reached skill level 5 in Stealth
  3173 | D:5      | Reached XP level 7. HP: 28/28 MP: 8/8
  3202 | D:5      | Reached skill level 1 in Evocations
  3331 | D:5      | Reached skill level 5 in Shapeshifting
  3652 | D:5      | Found a glowing drain.
  3666 | Sewer    | Entered a sewer
  3835 | Sewer    | Reached skill level 6 in Shapeshifting
  4009 | Sewer    | Reached XP level 8. HP: 23/32 MP: 9/9
  4530 | D:5      | Reached skill level 7 in Shapeshifting
  5258 | D:6      | Found a snail-covered altar of Cheibriados.
  5276 | D:6      | Reached skill level 8 in Shapeshifting
  5310 | D:6      | Found a sand-covered staircase.
  5319 | Ossuary  | Entered an ossuary
  5672 | D:6      | Found a staircase to the Ecumenical Temple.
  5678 | Temple   | Entered the Ecumenical Temple
  5687 | Temple   | Became a worshipper of Makhleb the Destroyer
  5791 | D:6      | Reached skill level 9 in Shapeshifting
  5823 | D:6      | Reached XP level 9. HP: 31/35 MP: 10/10
  5871 | D:6      | Found an ancient bone altar of Kikubaaqudgha.
  6723 | D:7      | Slain by an orc warrior
  6724 | D:7      | Reached XP level 8. HP: 0/32 MP: 9/9
  7044 | D:7      | Found a runed translucent door.
  7045 | D:7      | Noticed Crazy Yiuf
  7239 | D:7      | Found a radiant altar of Vehumet.
  7241 | D:7      | Found an ornate altar of the Wu Jian Council.
  7419 | D:7      | Reached * piety under Makhleb
  7675 | D:8      | Found a bloodstained altar of Trog.
  7738 | D:8      | Killed from afar by an acid dragon
  7739 | D:8      | Reached XP level 7. HP: -19/28 MP: 8/8
  7929 | D:8      | Found a broken altar of Ashenzari.
  7936 | D:8      | Found a blossoming altar of Fedhas.
  7939 | D:8      | Found a hide-covered altar of Uskayaw.
  8123 | D:8      | Reached XP level 8. HP: 30/33 MP: 9/9
  8445 | D:8      | Found an iron altar of Okawaru.
  8674 | D:9      | Found Sejatz's Tiny Tomes.
  8910 | D:9      | Reached skill level 5 in Dodging
  9065 | D:9      | Noticed a two-headed ogre
  9070 | D:9      | Killed a two-headed ogre
  9071 | D:9      | Reached XP level 9. HP: 39/39 MP: 10/10
  9073 | D:9      | Noticed a two-headed ogre
  9099 | D:9      | Reached ** piety under Makhleb
  9109 | D:9      | Killed a two-headed ogre
  9110 | D:9      | Reached skill level 5 in Fighting
  9218 | D:9      | Found a staircase to the Orcish Mines.
  9330 | D:9      | Slain by a warg

Illustrated notes

Levels and vault maps discovered:
D:1:      beargit_arrival_greenhouse, layout_basic,
          chequers_ecumenical_altar_island
D:2:      layout_loops_ring, basic_altar
D:3:      layout_loops_ring, minmay_misc_feat_five
D:4:      layout_rooms, nicolae_gozag_seed_capital, nicolae_shop_vocational,
          uniq_sigmund
D:5:      corexii_shack_village, layout_loops_ring, portal_sewer_entry_d
D:6:      layout_basic, tgw_kikubaaqudgha, lemuel_tele_altar,
          minmay_temple_entry_ruins, lightli_ossuary_entry_decrepit_ruins
D:7:      layout_basic, chequers_temple_overflow_statue_of_worship,
          uniq_crazy_yiuf_cottage
D:8:      layout_loops_cross, kennysheep_little_box,
          minmay_overflow_temple_star_quad, okawaru_gym_becter
D:9:      layout_roguey, david_orc_1_choice,
          nicolae_shop_i_like_small_books_too, uniq_joseph
Temple:   hellmonk_temple_flake

Skill      XL: |  1  2  3  4  5  6  7  8  9 |
---------------+----------------------------+-----
Dodging        | 3 6 8 |  8.7
Unarmed Combat | 4 5 6 8 7 |  8.0
Shapeshifting  | 4 6 9 |  9.9
Stealth        | 5 6 |  6.0
Evocations     | 1 |  1.7
Fighting       | 4 5 |  5.0

Action                     |  1- 3 |  4- 6 |  7- 9 || total
---------------------------+-------+-------+-------++-------
  Melee: Unarmed           |   103 |    71 |   411 ||   585
         Bite              |    11 |     4 |    50 ||    65
         Punch             |     3 |     4 |    17 ||    24
         Maw               |       |       |    42 ||    42
Ability: Begin Untransform |       |       |     2 ||     2
  Evoke: Wand              |       |       |    13 ||    13
    Use: Scroll            |     2 |       |    11 ||    13
         Potion            |       |     1 |     4 ||     5
   Stab: Sleeping          |     7 |     2 |    21 ||    30
         Distracted        |       |     1 |     1 ||     2
 Armour: Skin              |     4 |     6 |    20 ||    30
  Dodge: Dodged            |    73 |    66 |   275 ||   414
   Form: Beast             |       |       |     1 ||     1
         Maw               |       |       |     1 ||     1

Table legend: (Time is in decaauts)
 A = Elapsed time spent in this place.
 B = Non-inter-level travel time spent in this place.
 C = Inter-level travel time spent in this place.
 D = Time resting spent in this place.
 E = Time spent auto-exploring this place.
 F = Levels seen in this place.
 G = Mean time per level.
                   A        B        C        D        E       F      G
               +--------+--------+--------+--------+--------+-----+--------+
         Total |   8075 |   7771 |    304 |   1220 |   4374 |  12 |  672.9 |
       Dungeon |   7216 |   6912 |    304 |   1184 |   3989 |   9 |  801.8 |
        Temple |     16 |     16 |      0 |      0 |      0 |   1 |   16.0 |
         Sewer |    684 |    684 |      0 |      9 |    385 |   1 |  684.0 |
       Ossuary |    159 |    159 |      0 |     26 |      0 |   1 |  159.0 |
               +--------+--------+--------+--------+--------+-----+--------+

Top non-repeatable levels by time:
     D:6: 1370 daAuts
     D:5: 941 daAuts
     D:3: 851 daAuts
     D:8: 750 daAuts
     D:1: 696 daAuts
     D:7: 688 daAuts
   Sewer: 684 daAuts
     D:9: 680 daAuts
     D:4: 672 daAuts
     D:2: 565 daAuts
 Ossuary: 159 daAuts
  Temple: 16 daAuts
